[Event "*** Titled Tuesday Blitz"]
[Site "Chess.com"]
[Date "2021.02.16"]
[Round "1"]
[White "Titus369"]
[Black "Godzillator"]
[Result "1-0"]
[WhiteElo "2567"]
[BlackElo "2254"]
[TimeControl "180+1"]
[EndTime "10:08:18 PST"]
[Termination "Titus369 won by resignation"]

1. e4 c6 2. d4 d5 3. Nd2 dxe4 4.
Nxe4 Bf5 5. Ng3 Bg6 6. Nh3 Nf6 7. Nf4 e5 8. Nxg6 hxg6 9. dxe5 Qa5+ 10. c3 Qxe5+ 11.
Qe2 Nbd7 12. Bf4 Qxe2+ 13. Bxe2 Bc5 14. O-O O-O 15. Rad1 Rfe8 16. Bf3 Ne5 17. Bxe5 Rxe5 18. Rfe1 Rae8 19. Kf1 Rxe1+ 20. Rxe1 Rxe1+ 21. Kxe1 Kf8 22. b4 Bd6 23. Ne2 Be5 24. h4 Ke7 25. Kd2 Kd7 26. Kd3 Kd6 27. g4 b6 28. a4 Nd5 29. Bxd5 Kxd5 30.
f4 Bf6 31. c4+ Kd6 32. g5 Bb2 33. Ng3 Ke6 34. Ke4 Ba3 35. b5 cxb5 36. axb5 f5+ 37. gxf6 gxf6 38. f5+ gxf5+ 39. Nxf5 Kf7 40. h5 Kg8 41.
Kd5 Kf7 42. Kc6 Bc5 43. Kb7 Bf8 44. Kxa7 Bc5 45. Kb7 Bf2 46. Kc6 Bg1 47. Kd5 Bf2 48. Ke4 Bg1 49. Kf4 Bf2 50. Ne3 Kg7 51. Nd5 Bc5 52.
Kf5 Bd4 53. Nf4 Kh6 54. Kg4 Be3 55. Nd5 Bd4 56. Ne7 Kh7 57. Kf5 Kh6 58. Nd5 Kxh5 59. Nxf6+ Kh4 60. Nd7 Kg3 61. Ke4 Bf2 62. Kd5 Kf4 63.
Kc6 Ke4 64. Nxb6 Kd4 65. c5 Ke5 66. Nd7+ Ke6 67. b6 Ke7 68. b7 Bg3 69. b8=Q Bxb8 70. Nxb8 Kd8 71. Kb7 1-0

[Event "*** Titled Tuesday Blitz"]
[Site "Chess.com"]
[Date "2021.02.16"]
[Round "1"]
[White "ChessFighter1975"]
[Black "Witik"]
[Result "0-1"]
[WhiteElo "2404"]
[BlackElo "2768"]
[TimeControl "180+1"]
[EndTime "10:08:24 PST"]
[Termination "Witik won by checkmate"]

1. d4 d5 2. c4 e6 3. Nf3 c6 4. e3 Bd6 5. b3 f5 6. Bd3 Nf6 7. O-O Qe7 8. a4 O-O 9. Ba3 b6 10. Ne5 Bb7 11. a5 Na6 12. Qc1 c5 13. Nc3 Rac8 14. axb6 axb6 15. Nb5 Bb8 16. Qb2 Nb4 17.
Bxb4 cxb4 18. Na7 Rce8 19. Nac6 Bxc6 20. Nxc6 Bxh2+ 21. Kxh2 Ng4+ 22. Kg3 Qg5 23. f4 Qg6 24. Kf3 Qh5 25. Ke2 Ne5+ 26. Rf3 Nxc6 27. Ra6 Rf6 28.
Qa2 Rg6 29. Kf2 Qh4+ 30. Kf1 Qh1+ 31. Ke2 Rxg2+ 32. Rf2 Rxf2+ 33. Kxf2 Qh2+ 34. Kf3 Qxa2 35. Rxa2 Na5 36. cxd5 exd5 37. Bc2 Rc8 38. Ke2 Rc3 39.
Rb2 Kf7 40. Bxf5 g6 41. Bc2 Kf6 42. Kd2 h5 43. Bd1 h4 44. Bc2 h3 45. Rb1 h2 46.
Rh1 Nxb3+ 47. Bxb3 Rxb3 48. Kc2 Rxe3 49. Rxh2 Re4 50.
Rf2 Rxd4 51. Kb3 Kf5 52. Rf1 Rxf4 53. Rh1 g5 54. Rh8 g4 55. Rf8+ Ke4 56. Rg8 Kf3 57. Rg7 g3 58. Rh7 g2 59. Rg7 Rg4 60. Rxg4 Kxg4 61.
Kxb4 g1=Q 62. Kb5 Qc5+ 63. Ka6 b5 64. Kb7 b4 65. Ka6 b3 66. Kb7 b2 67. Ka6 d4 68.
Kb7 b1=Q+ 69. Ka6 Qbb6# 0-1

[Event "*** Titled Tuesday Blitz"]
[Site "Chess.com"]
[Date "2021.02.16"]
[Round "1"]
[White "goofypenguin96"]
[Black "esapunov"]
[Result "0-1"]
[WhiteElo "2359"]
[BlackElo "2674"]
[TimeControl "180+1"]
[EndTime "10:08:26 PST"]
[Termination "esapunov won by resignation"]

1. d4 Nf6 2. c4 g6 3. Nc3 Bg7 4. e4 O-O 5. f3 d6 6. Be3 Nc6 7. Qd2 a6 8. Rc1 Rb8 9. Nd5 Bd7 10. Ne2 e6 11. Nxf6+ Bxf6 12. g3 Bg7 13. Bg2 f5 14. O-O e5 15. d5 Ne7 16. c5 Kh8 17. cxd6 cxd6 18. Nc3 Ng8 19. Ba7 Rc8 20. Qe3 Bh6 21.
f4 Nf6 22. exf5 Bxf5 23. Bb6 Qd7 24. Ne2 Ng4 25. Qb3 Qb5 26. Qxb5 axb5 27. Rxc8 Rxc8 28. fxe5 Nxe5 29. Nd4 Be3+ 30. Kh1 Bd3 31. Re1 Bf2 32. Rd1 b4 33. h3 Ba6 34. g4 Nc4 35. Ba7 Ra8 36.
Rf1 Be3 37. Ne6 Bxa7 38. Rf7 Ne5 39. Re7 h6 40. g5 h5 41. Be4 Be3 42. Nc7 Rf8 43.
h4 Bf2 44. Ne8 Ng4 45. Bxg6 Bxh4 46. Nxd6 Bxg5 47. Rh7+ Kg8 48. Rxh5 Nf2+ 49. Kg2 Be3 50. Nf5 Bc5 51. d6 Bb5 52. Rh7 Bc6+ 53. Kg3 Rxf5 54.
Bxf5 Ne4+ 55. Bxe4 Bxe4 56. Rc7 Bxd6+ 57. Kf2 Bxc7 58.
Ke3 Bd5 59. Kd4 Bxa2 60. Kc5 Be6 61. Kxb4 Bd7 62. Kc3 Kf7 63. Kc4 Ke6 64. Kc3 Kd6 65.
Kc2 Kc6 66. Kc1 Kb5 67. Kb1 Kb4 68. Ka1 Kb3 69. Kb1 Be5 70. Kc1 Bxb2+ 0-1

[Event "*** Titled Tuesday Blitz"]
[Site "Chess.com"]
[Date "2021.02.16"]
[Round "1"]
[White "Shahaliyev"]
[Black "Walter_White_Poland"]
[Result "1-0"]
[WhiteElo "2663"]
[BlackElo "2356"]
[TimeControl "180+1"]
[EndTime "10:08:26 PST"]
[Termination "Shahaliyev won by resignation"]

1. Nf3 d5 2. c4 d4 3. g3 Nc6 4. d3 a5 5. Bg2 e5 6. O-O Nf6 7.
e3 dxe3 8. Bxe3 Be7 9. Nc3 O-O 10. d4 exd4 11. Nxd4 Nxd4 12. Bxd4 c6 13. h3 Be6 14. b3 Qc7 15. Qe2 Rfe8 16. Rad1 Bb4 17. Qc2 Nd7 18. Ne2 f6 19. Nf4 Bf7 20. Be4 g6 21. Bg2 Ne5 22.
Qb2 Rad8 23. Bc3 Bxc3 24. Qxc3 Qb6 25. Rxd8 Rxd8 26. Qc2 Qd4 27. Re1 Qd2 28. Qxd2 Rxd2 29. Re2 Rxe2 30. Nxe2 Nd3 31. Nc3 Kf8 32. Kf1 Ke7 33. Ke2 Ne5 34. f4 Nd7 35. Ke3 Nc5 36. Kd4 Kd6 37. g4 Ne6+ 38. Ke3 Nc5 39. Bf3 g5 40.
fxg5 fxg5 41. Kd4 Ne6+ 42. Ke3 Bg6 43. Be4 Bxe4 44. Kxe4 Kc5 45. Ke5 Nc7 46. Ne4+ Kb4 47. Nxg5 Ka3 48. Nxh7 Kxa2 49. g5 Kxb3 50. g6 Ne8 51.
Nf6 Ng7 52. Ne4 a4 53. Nc5+ Kb4 54. Nxa4 Kxa4 55. Kf6 Nh5+ 56. Kg5 Ng7 57. h4 b5 58.
cxb5 cxb5 59. h5 b4 60. h6 Ne6+ 61. Kf6 b3 62. h7 b2 63. h8=Q b1=Q 64. Qa8+ Kb3 65.
Qb7+ Kc2 66. Qxb1+ Kxb1 67. Kxe6 1-0

[Event "*** Titled Tuesday Blitz"]
[Site "Chess.com"]
[Date "2021.02.16"]
[Round "1"]
[White "ckgchess"]
[Black "SanchezKelvin"]
[Result "1-0"]
[WhiteElo "2761"]
[BlackElo "2403"]
[TimeControl "180+1"]
[EndTime "10:08:28 PST"]
[Termination "ckgchess won by checkmate"]

1. e4 c5 2. c3 d5 3. exd5 Qxd5 4. d4 Nf6 5. Nf3 Bg4 6. Be2 e6 7. h3 Bh5 8. O-O Nc6 9. Be3 cxd4 10. cxd4 Be7 11.
Nc3 Qd6 12. Qb3 O-O 13. Rfd1 Rfd8 14. Rac1 Qb4 15. g4 Bg6 16. Qxb4 Nxb4 17. Ne5 Rac8 18. Bf3 Nbd5 19. Nxd5 Nxd5 20. Bxd5 exd5 21. Nxg6 hxg6 22. Kf1 f5 23. Ke2 Kf7 24. Kd3 Bd6 25. Rc3 Rxc3+ 26. bxc3 Rh8 27. gxf5 gxf5 28. Rh1 f4 29. Bd2 g5 30. f3 b5 31. Ke2 a6 32. Kf2 Kg6 33.
Kg2 Re8 34. Kf2 Kf5 35. Ra1 a5 36. a4 Rb8 37. axb5 Rxb5 38. Ke2 Kg6 39. Kd3 Kh5 40.
Be1 Bc7 41. Kc2 Rb8 42. Bf2 Re8 43. Kd3 Ra8 44. c4 dxc4+ 45. Kxc4 a4 46. Kb5 a3 47. Kc6 Bd8 48. Ra2 Be7 49. d5 Rc8+ 50. Kd7 Rb8 51.
Kxe7 Rb2 52. Rxa3 Rxf2 53. d6 Re2+ 54. Kd8 Re3 55. Ra8 Rxf3 56. d7 Re3 57. Kc7 Rc3+ 58. Kd6 Rd3+ 59. Ke6 Re3+ 60. Kf5 Rd3 61. Rh8# 1-0

[Event "*** Titled Tuesday Blitz"]
[Site "Chess.com"]
[Date "2021.02.16"]
[Round "1"]
[White "Loy_Konstantin"]
[Black "wnstop"]
[Result "0-1"]
[WhiteElo "2383"]
[BlackElo "2713"]
[TimeControl "180+1"]
[EndTime "10:08:29 PST"]
[Termination "wnstop won on time"]

1. e4 d5 2. exd5 Qxd5 3. Nc3 Qd8 4. d4 Nf6 5. Bc4 a6 6. Nf3 c5 7. dxc5 Qxd1+ 8. Nxd1 e6 9. b4 b6 10. cxb6 Bxb4+ 11. Bd2 Bxd2+ 12. Nxd2 Nbd7 13. Rb1 Rb8 14. Nc3 Rxb6 15. Rxb6 Nxb6 16. O-O Ke7 17. Rb1 Rd8 18.
Bd3 Nbd5 19. Nxd5+ Nxd5 20. g3 Nc3 21. Rb2 e5 22. Ne4 Nxe4 23. Bxe4 f5 24. Bd3 e4 25. Be2 Rd2 26. Kf1 g5 27. Ke1 Rd6 28. Rb8 Rc6 29.
Kd2 Kf6 30. c4 Ke5 31. Kc3 f4 32. gxf4+ gxf4 33. Rb1 Rh6 34. Rh1 Rh3+ 35. Kb4 f3 36. Bd1 e3 37. fxe3 f2 38. Rf1 Rxh2 39. c5 Bh3 40. Be2 Bxf1 41. Bxf1 Rh1 42. Bxa6 Rb1+ 43.
Kc3 Rc1+ 44. Kd2 Rxc5 45. Ke2 Rc2+ 46. Kf1 Rxa2 47. Be2 Ra7 48. Kxf2 Rg7 49. Bd3 h6 50. Kf3 Kf6 51. Be4 Kg5 52. Bd5 Kh4 53. e4 Kg5 54. e5 Kf5 55. e6 Ke5 56. Bb3 h5 57.
Ke3 h4 58. Kf2 Kf6 59. Bd5 h3 0-1

[Event "*** Titled Tuesday Blitz"]
[Site "Chess.com"]
[Date "2021.02.16"]
[Round "1"]
[White "sbouchet"]
[Black "Blitzstream"]
[Result "1/2-1/2"]
[WhiteElo "2380"]
[BlackElo "2686"]
[TimeControl "180+1"]
[EndTime "10:08:29 PST"]
[Termination "Game drawn by agreement"]

1. e4 d5 2. exd5 Qxd5 3. Nc3 Qa5 4. d4 Nf6 5. Bc4 Bg4 6. f3 Bf5 7. Ne2 e6 8. O-O c6 9. Kh1 Bd6 10. Ng3 Bg6 11. Nge4 Be7 12. Be3 O-O 13. Qe2 Nbd7 14.
a3 Qd8 15. Rad1 Nb6 16. Bb3 Nbd5 17. Bd2 Qc7 18. Bc1 Rad8 19. Nxf6+ Bxf6 20. Ne4 Be7 21. c4 Nf6 22. Nc3 a6 23. Bc2 Bxc2 24. Qxc2 c5 25. d5 exd5 26. cxd5 Bd6 27. Bg5 Be5 28. Ne4 Nxe4 29.
Bxd8 Rxd8 30. Qxe4 h6 31. f4 Bxb2 32. a4 Bd4 33. f5 Qd6 34. Rb1 b6 35. h3 Qg3 36.
Qf3 Qxf3 37. Rxf3 c4 38. Rf4 Bc5 39. Rxc4 Rxd5 40. a5 bxa5 41. Rb8+ Kh7 42. Ra8 Bd6 43. g4 Rd1+ 44. Kg2 Rd2+ 45. Kg1 Bh2+ 46. Kf1 Bd6 47. Rxa6 Bb4 48. Kg1 Rd5 49. Ra7 Bc5+ 50. Rxc5 Rxc5 51. Rxf7 h5 52. f6 Kg6 53. Rxg7+ Kxf6 54. Ra7 hxg4 55. hxg4 Kg5 56. Kf2 Kxg4 57. Ke3 Kf5 58. Kd4 Rb5 59. Kc4 Re5 60. Rb7 Kf4 61. Rb5 Re4+ 62. Kb3 a4+ 63.
Ka3 Ke3 64. Rb4 Re8 65. Rxa4 1/2-1/2

[Event "*** Titled Tuesday Blitz"]
[Site "Chess.com"]
[Date "2021.02.16"]
[Round "1"]
[White "kamilianin235"]
[Black "Kislov_Oleg"]
[Result "0-1"]
[WhiteElo "2152"]
[BlackElo "2515"]
[TimeControl "180+1"]
[EndTime "10:08:29 PST"]
[Termination "Kislov_Oleg won on time"]

1. e4 e6 2. d4 d5 3. Nd2 Nf6 4. e5 Nfd7 5. Bd3 c5 6. c3 Nc6 7. Ne2 cxd4 8. cxd4 f6 9. exf6 Nxf6 10. Nf3 Bd6 11.
O-O O-O 12. Nc3 Kh8 13. Re1 Bd7 14. h3 a6 15. Be3 Rc8 16. Rc1 Bb8 17. Na4 Ne4 18. Bxe4 dxe4 19. Ng5 Qc7 20. Qh5 Qh2+ 21. Kf1 h6 22. Nb6 Nxd4 23. Bxd4 Bb5+ 24. Nc4 e5 25. b3 exd4 26. Nf7+ Kh7 27. Ng5+ Kh8 28. Nxe4 Qh1+ 29. Ke2 Qxg2 30. Qg4 Qxg4+ 31. hxg4 Rce8 32. Kd3 Rf3+ 33. Kd2 Bc6 34. Ned6 Rxf2+ 35. Kd3 Ref8 36. Kxd4 R2f4+ 37. Kd3 Rxg4 38. Rf1 Rd8 39. Kc3 Bxd6 40. Rcd1 Rg6 41. Kc2 Kh7 42. Ne5 Bxe5 43. Rxd8 Be4+ 44. Kc1 Rg2 45. Re8 Bf4+ 46. Kd1 Bc6 47. Rxf4 Bxe8 48. Re4 Bc6 49. Re3 Rxa2 50. Ke1 Rh2 51. Kf1 h5 52. Ke1 Rh4 53. Kd1 Rg4 54. Kc1 h4 55. Kb2 Rg3 56.
Re4 Bxe4 57. Ka3 h3 58. Kb4 h2 59. Ka5 h1=Q 60. Kb6 Qg1+ 0-1

[Event "*** Titled Tuesday Blitz"]
[Site "Chess.com"]
[Date "2021.02.16"]
[Round "1"]
[White "WanderingPuppet"]
[Black "TigrVShlyape"]
[Result "0-1"]
[WhiteElo "2459"]
[BlackElo "2919"]
[TimeControl "180+1"]
[EndTime "10:08:30 PST"]
[Termination "TigrVShlyape won on time"]

1. e4 e5 2. Nf3 Nc6 3. Bb5 a6 4.
Ba4 Nf6 5. O-O Be7 6. Re1 b5 7.
Bb3 d6 8. a4 Rb8 9. axb5 axb5 10. c3 O-O 11. d4 Bg4 12. d5 Qd7 13. dxc6 Qxc6 14. h3 Bh5 15. Bg5 Qb6 16. Nbd2 Rfe8 17. Nf1 Nd7 18. Bxe7 Rxe7 19. Ng3 Bxf3 20. Qxf3 g6 21.
Qg4 Kf8 22. Qh4 h5 23. Qg5 Ke8 24. Nf1 Nc5 25. Bc2 Ne6 26. Qf6 c6 27. Ne3 Qc7 28.
Red1 Rd7 29. b4 Qd8 30. Qh8+ Ke7 31. Qh6 Qh8 32. Qxh8 Rxh8 33. Ra6 Rc7 34. g3 h4 35. Kg2 Ng5 36. f4 Ne6 37. f5 Ng5 38. g4 Rb8 39.
Rda1 Nh7 40. Ra7 Rbb7 41. Rxb7 Rxb7 42. Ra6 Rc7 43. Bb3 Ng5 44. Bc2 Nh7 45. Nd1 Kf6 46.
Nf2 Kg5 47. Kf3 Nf6 48. Bd3 d5 49. Rb6 c5 50. Rxb5 cxb4 51. cxb4 dxe4+ 52. Bxe4 Rc3+ 53. Kg2 Kf4 54. Bb7 e4 55. Rc5 Rb3 56. Rc4 Rb2 57. Kf1 Kf3 58. Nxe4 Rb1+ 0-1

[Event "*** Titled Tuesday Blitz"]
[Site "Chess.com"]
[Date "2021.02.16"]
[Round "1"]
[White "AndrewMaco"]
[Black "Kurkusha"]
[Result "1-0"]
[WhiteElo "2660"]
[BlackElo "2356"]
[TimeControl "180+1"]
[EndTime "10:08:30 PST"]
[Termination "AndrewMaco won by resignation"]

1. e4 e5 2. Nf3 Nc6 3. Bb5 Nf6 4. O-O Nxe4 5. Re1 Nd6 6. Nxe5 Be7 7. Bf1 Nf5 8. Nf3 O-O 9. d4 d5 10. Nc3 Be6 11. Ne2 Bd6 12. Nf4 Qf6 13. Nxe6 fxe6 14.
c3 Rae8 15. Bg5 Qg6 16. Bd3 h6 17. Bd2 Qh5 18. Qb3 Nfxd4 19. cxd4 Nxd4 20. Nxd4 Qxh2+ 21. Kf1 Qh1+ 22. Ke2 Qxg2 23. Be3 c5 24. Rg1 Qh3 25. Nb5 c4 26. Nxd6 Qf3+ 27. Kd2 cxb3 28. Nxe8 Rxe8 29. axb3 e5 30. Rg3 Qf6 31. Rag1 Re7 32. Rg6 Qf8 33. Bxh6 Qxf2+ 34. Be2 Qd4+ 35. Ke1 Qb4+ 36. Bd2 Qh4+ 37.
Kd1 e4 38. Bc3 d4 39. Bc4+ Kh7 40. Bxd4 Qh5+ 41. Kc2 Qxg6 42. Rxg6 Kxg6 43. Bxa7 b5 44. Bc5 Rc7 45. Bd6 Rc6 46. Bf4 bxc4 47. b4 Kf5 48. Be3 g5 49. b5 Rc7 50. Kc3 Rb7 51. Kxc4 g4 52. Kd5 g3 53. Kc6 Rb8 54. b6 Rc8+ 55.
Kd7 Rh8 56. b7 Kg4 57. Kc7 Kf3 58. Bg1 Kg2 59. Bd4 Kf3 60. Bxh8 g2 61. Bd4 e3 62. Bxe3 Kxe3 63. b8=Q 1-0

[Event "*** Titled Tuesday Blitz"]
[Site "Chess.com"]
[Date "2021.02.16"]
[Round "1"]
[White "MatyChess1"]
[Black "frankshar"]
[Result "1-0"]
[WhiteElo "2624"]
[BlackElo "2322"]
[TimeControl "180+1"]
[EndTime "10:08:31 PST"]
[Termination "MatyChess1 won by resignation"]

1. e4 c6 2. Nc3 d5 3. Nf3 Nf6 4.
e5 Ne4 5. Nxe4 dxe4 6. Ng5 Qd5 7. d4 exd3 8. Qxd3 Qxe5+ 9. Be2 h6 10. Qd8+ Kxd8 11. Nxf7+ Kc7 12. Nxe5 Nd7 13. Ng6 Rg8 14.
Bc4 e6 15. Bf4+ Kb6 16. O-O-O Nf6 17. Rhe1 Bc5 18. Be3 Nd5 19. Bxc5+ Kxc5 20. Bf1 Bd7 21. Ne5 Rad8 22. g3 Bc8 23. Bh3 Nf6 24. c3 Rge8 25. Kc2 Nd5 26. a3 Nf6 27. Nd3+ Kb6 28. f4 Kc7 29. Nc5 Rxd1 30. Kxd1 Kd6 31. Nd3 b6 32. Ne5 Ba6 33. Kc2 Kc7 34. Nf3 Bc4 35. b3 Bd5 36. Ne5 c5 37. c4 Bb7 38. Re2 Be4+ 39. Kb2 Bf5 40. Bg2 Rd8 41. Kc1 h5 42. Bf3 g6 43.
Rd2 Rxd2 44. Kxd2 Kd6 45. b4 Nd7 46. Nf7+ Ke7 47. Ng5 cxb4 48. axb4 Kd6 49. Ne4+ Bxe4 50. Bxe4 Nf8 51. Kc3 e5 52. f5 g5 53. h3 Nd7 54.
Bf3 Nf6 55. Kd3 a5 56. c5+ bxc5 57. bxa5 h4 58. gxh4 gxh4 59. a6 e4+ 60. Bxe4 c4+ 61. Kxc4 Nxe4 62. a7 Ke5 63. a8=Q Nd6+ 64. Kd3 Nxf5 65.
Qf3 Nd4 66. Qe4+ 1-0

[Event "*** Titled Tuesday Blitz"]
[Site "Chess.com"]
[Date "2021.02.16"]
[Round "1"]
[White "MaevskiyNikolay"]
[Black "julinha97"]
[Result "0-1"]
[WhiteElo "2535"]
[BlackElo "2250"]
[TimeControl "180+1"]
[EndTime "10:08:31 PST"]
[Termination "julinha97 won by checkmate"]

1. d4 Nf6 2. c4 g6 3. Nc3 d5 4. cxd5 Nxd5 5. e4 Nxc3 6. bxc3 Bg7 7. Bc4 c5 8. Ne2 O-O 9. Be3 e6 10. O-O Qc7 11. Rc1 Rd8 12. Bf4 Qe7 13. e5 b6 14.
Qd2 Qc7 15. Bg5 Rd7 16. Qe3 Bb7 17. Bf6 Bxf6 18. exf6 Qd8 19. Qf4 Bd5 20. Bd3 c4 21. Bc2 Nc6 22. h4 Qb8 23. Qh6 Qf8 24. Qg5 Re8 25. Ng3 e5 26. dxe5 Rxe5 27. Qf4 Qd6 28. h5 Re6 29. Qh6 Rxf6 30. hxg6 fxg6 31. Rcd1 Qf8 32.
Qh3 Be6 33. Qh4 Rxd1 34. Bxd1 Rf4 35. Qg5 Qf6 36. Qb5 Bf7 37. Be2 Ne5 38. Qb1 Kg7 39. a4 Bd5 40. Qd1 Bc6 41. f3 Qh4 42. Nh1 Rf5 43. Nf2 Rh5 44. Nh3 Qg3 45. Qd4 Rxh3 46.
Bxc4 Qh2+ 47. Kf2 Rxf3+ 48. Ke1 Qg3+ 49. Kd1 Rxf1+ 50. Bxf1 Qg4+ 51. Qxg4 Nxg4 52. g3 Ne3+ 53. Ke2 Nxf1 54. Kxf1 Kf6 55. Ke2 Ke5 56. Ke3 Kd5 57.
Kd3 Bxa4 58. c4+ Kc5 59. Kc3 Bd7 60. g4 Bxg4 61. Kb3 h5 62. Ka4 h4 63. Ka3 h3 64. Ka4 Kxc4 65. Ka3 b5 66. Kb2 h2 67.
Kc2 h1=Q 68. Kb2 Qg2+ 69. Ka3 Qf3+ 70. Ka2 Qe2+ 71. Ka1 Qd1+ 72. Kb2 Qb3+ 73. Ka1 Qa3+ 74. Kb1 Bf5# 0-1

[Event "*** Titled Tuesday Blitz"]
[Site "Chess.com"]
[Date "2021.02.16"]
[Round "1"]
[White "NemtsevIgor"]
[Black "Buffy7"]
[Result "1/2-1/2"]
[WhiteElo "2354"]
[BlackElo "2630"]
[TimeControl "180+1"]
[EndTime "10:08:34 PST"]
[Termination "Game drawn - insufficient material"]

1. d4 f5 2. Nc3 d5 3. Bf4 e6 4.
e3 Nf6 5. Nf3 Be7 6. Ne5 a6 7.
Bd3 c5 8. h3 c4 9. Be2 b5 10. g4 O-O 11. gxf5 exf5 12. Rg1 Qe8 13. Bh6 g6 14. Bxf8 Bxf8 15. Bf3 Bb7 16. Ne2 Nbd7 17. Nxd7 Qxd7 18. Nf4 Bd6 19. Qd2 b4 20. c3 a5 21. h4 Re8 22. Kf1 Kf7 23. h5 Rg8 24. hxg6+ hxg6 25. Nh3 Qe7 26. Ng5+ Ke8 27. b3 Ba6 28.
Be2 bxc3 29. Qxc3 Bb4 30. Qc2 Ng4 31. Nf3 Qc7 32. bxc4 dxc4 33. Rc1 Ke7 34. d5 Rc8 35. Nd4 Qh2 36. Bxg4 fxg4 37. Qxg6 c3+ 38. Qxa6 Rf8 39. Qe6+ Kd8 40. Nf5 Qh3+ 41. Ke2 Qf3+ 42. Kd3 Rxf5 43. d6 Rd5+ 44. Kc2 Rxd6 45. Qg8+ Kc7 46. Qxg4 Rd2+ 47.
Kb3 Qd5+ 48. Qc4+ Qxc4+ 49. Kxc4 Rxa2 50. f4 Rf2 51. Rgf1 Re2 52. Rce1 Rg2 53. f5 c2 54. Rc1 Ba3 55. e4 Bxc1 56. Rxc1 Kd6 57. Kd4 Rd2+ 58.
Ke3 Rh2 59. Kd3 Ke5 60. Rxc2 Rh3+ 61. Kc4 Kxe4 62. Rf2 Rh8 63. f6 Rf8 64. f7 Ke5 65. Kb5 Ke6 66. Kxa5 Rxf7 67. Rxf7 Kxf7 1/2-1/2

[Event "*** Titled Tuesday Blitz"]
[Site "Chess.com"]
[Date "2021.02.16"]
[Round "1"]
[White "Grineva_Marianna"]
[Black "Hypercar"]
[Result "1-0"]
[WhiteElo "2234"]
[BlackElo "2525"]
[TimeControl "180+1"]
[EndTime "10:08:35 PST"]
[Termination "Grineva_Marianna won on time"]

1. e4 c5 2. Nf3 Nc6 3. d4 cxd4 4. Nxd4 Nf6 5. Nc3 e6 6. Ndb5 d6 7. Bf4 e5 8. Bg5 a6 9. Na3 Be7 10. Bxf6 Bxf6 11. Nd5 O-O 12. Be2 Bg5 13. O-O Ne7 14. Bc4 b5 15. Bb3 Be6 16. c3 Rc8 17. Nc2 Rc5 18.
Nce3 Bxe3 19. Nxe3 d5 20. Qf3 dxe4 21. Qxe4 Bxb3 22.
axb3 f5 23. Qb4 Rc6 24. Rfd1 Qc7 25. Nd5 Nxd5 26. Rxd5 h6 27. Rad1 Rf7 28. Qh4 Kh7 29. h3 e4 30. Qh5 Rcf6 31. Rd8 f4 32. Qd5 Qe7 33. Rd7 Qe8 34. Rxf7 Rxf7 35. Rd4 e3 36.
fxe3 fxe3 37. Qe4+ Qxe4 38. Rxe4 Rf2 39. Rxe3 Rxb2 40.
c4 b4 41. Kh2 a5 42. Kg3 Kg6 43. Kf3 Kf6 44. Rd3 Rc2 45. Rd5 Rc3+ 46. Ke4 Rxb3 47. Rxa5 Rb2 48. g4 Rc2 49. Kd3 Rh2 50. Rb5 Rxh3+ 51. Kd4 b3 52. c5 Ke6 53. Rb6+ Kd7 54.
Kc4 Rg3 55. Rxb3 Rxg4+ 56. Kb5 h5 57. Kb6 Rg1 58. Rd3+ Kc8 59. Rf3 g5 60. Kc6 Kd8 61. Rf8+ Ke7 62. Rh8 h4 63. Kc7 Kf6 64. c6 Kf5 65.
Kc8 Kg4 66. c7 Rc1 67. Kd7 h3 68. c8=Q Rxc8 69. Kxc8 Kg3 70. Kd7 1-0

[Event "*** Titled Tuesday Blitz"]
[Site "Chess.com"]
[Date "2021.02.16"]
[Round "1"]
[White "Sergienko_Sergey"]
[Black "Murad_Ibrahimli"]
[Result "1-0"]
[WhiteElo "2451"]
[BlackElo "2840"]
[TimeControl "180+1"]
[EndTime "10:08:36 PST"]
[Termination "Sergienko_Sergey won by resignation"]

1. e4 e5 2. Nf3 Nc6 3. Bb5 a6 4. Ba4 Nf6 5. Bxc6 dxc6 6. d3 Nd7 7. Nbd2 Bd6 8. Nc4 O-O 9. O-O a5 10. d4 Qe7 11. Nxd6 cxd6 12. Re1 Nf6 13. Bg5 h6 14. Bh4 Bg4 15. c3 g5 16. Bg3 Rfd8 17.
h3 Bh5 18. Qd3 Bg6 19. dxe5 dxe5 20. Qc2 Nd7 21. Nd2 Kg7 22. Nc4 f6 23. Ne3 Nc5 24. f3 b5 25. Rad1 a4 26. a3 Qe6 27. Bf2 Nb3 28. Rd3 Rxd3 29. Qxd3 Rf8 30. Rd1 h5 31. Qd7+ Qxd7 32. Rxd7+ Rf7 33. Rd6 Rc7 34. h4 Kf7 35.
hxg5 fxg5 36. Bg3 Bh7 37. Bxe5 Re7 38. Bf6 Re6 39. Rxe6 Kxe6 40. Bxg5 Nd2 41. Bf4 Nb3 42. Kf2 Na5 43. Kg3 Bg6 44. Kh4 Nb3 45. Kg5 Kf7 46.
Bd6 Nd2 47. Bc5 Nb3 48. Bd4 Nc1 49. Ba7 Nd3 50. Nf5 Bxf5 51. Kxf5 Nxb2 52. e5 Nc4 53. e6+ Ke8 54. Kg6 Nxa3 55. f4 Nc4 56. f5 Ne5+ 57. Kg7 Ng4 58. Bc5 h4 59. f6 Nxf6 60.
Kxf6 b4 61. Bxb4 h3 62. gxh3 1-0

[Event "*** Titled Tuesday Blitz"]
[Site "Chess.com"]
[Date "2021.02.16"]
[Round "1"]
[White "1977Ivan"]
[Black "1random"]
[Result "1-0"]
[WhiteElo "2734"]
[BlackElo "2391"]
[TimeControl "180+1"]
[EndTime "10:08:36 PST"]
[Termination "1977Ivan won by checkmate"]

1. d4 d5 2. c4 c5 3. cxd5 Nf6 4.
Nf3 e6 5. dxe6 Bxe6 6. Nc3 Nc6 7. e3 cxd4 8. exd4 a6 9. Be2 h6 10. O-O Be7 11. h3 O-O 12. Be3 Re8 13. a3 Rc8 14. Rc1 Nd5 15. Qd2 Bf8 16. Ne4 Bxh3 17. Nc5 Bxc5 18. Rxc5 Be6 19. Rfc1 Nxe3 20. fxe3 Bd5 21. Rf1 Rc7 22. Bc4 Bxc4 23. Rxc4 Rce7 24. Rc3 Qd5 25. Qf2 Qe4 26. Nh4 g6 27. Qg3 Kh7 28. Kh2 h5 29.
Nf3 Kg7 30. Ng5 Qg4 31. Rf3 f6 32. Nh3 f5 33. Nf4 Qxg3+ 34. Kxg3 Kf6 35. Nd5+ Kg5 36. Nxe7 Rxe7 37. d5 Ne5 38. Rf4 Ng4 39. d6 h4+ 40. Kf3 Rd7 41. Rd4 Kf6 42. Rc7 Rd8 43. d7 Ne5+ 44. Ke2 b5 45. Ra7 Kg5 46. e4 f4 47.
Rxa6 Rxd7 48. Rxd7 Nxd7 49. Ra5 Kg4 50. Rxb5 Nf6 51. e5 Nh5 52. e6 g5 53. e7 Ng7 54.
Rb6 h3 55. Rg6 Ne8 56. gxh3+ Kg3 57. Rxg5+ Kh4 58. Rg8 Kxh3 59. Rxe8 Kg2 60. Rf8 f3+ 61. Rxf3 Kg1 62. e8=Q Kg2 63. Qg6+ Kh2 64. Rf5 Kh1 65. Rh5# 1-0

[Event "*** Titled Tuesday Blitz"]
[Site "Chess.com"]
[Date "2021.02.16"]
[Round "1"]
[White "amintabatabaei"]
[Black "AlexSuv"]
[Result "1-0"]
[WhiteElo "2911"]
[BlackElo "2449"]
[TimeControl "180+1"]
[EndTime "10:08:38 PST"]
[Termination "amintabatabaei won by resignation"]

1. d4 Nf6 2. Nf3 e6 3. Bf4 c5 4. e3 b6 5. Nbd2 Bb7 6. h3 d5 7. c3 Bd6 8. Bb5+ Bc6 9. Bxc6+ Nxc6 10. Qa4 Rc8 11. Ne5 Bxe5 12. Bxe5 O-O 13. Bf4 Nh5 14. Bh2 Qe7 15. Nf3 Nf6 16. O-O Ne4 17. Rfd1 Rfd8 18. Nd2 Nd6 19. Qb3 Na5 20. Qc2 Nac4 21. Nxc4 Nxc4 22.
Qe2 Qg5 23. Bf4 Qg6 24. Re1 cxd4 25. exd4 Nd6 26. Bxd6 Rxd6 27. Qa6 Rc7 28. Re3 Qc2 29. Re2 Qf5 30. Rae1 h6 31. Re3 Qc2 32. R3e2 Qf5 33.
Qa4 Rd8 34. Re3 Qf6 35. Qb5 Qe7 36. Qe2 Rb8 37. Qh5 Kh7 38. Qxd5 b5 39. a3 Qf6 40.
Qe4+ Kh8 41. Rf3 Qe7 42. d5 Rb6 43. Qg4 Rc8 44. dxe6 Rxe6 45. Rxe6 fxe6 46. Qg6 Rc7 47. Re3 e5 48. Rd3 Rd7 49. Qe4 Rxd3 50. Qxd3 a6 51. Qe4 Qd6 52. g3 Kg8 53. c4 bxc4 54. Qxc4+ Kh7 55. b4 Kg6 56. Qe4+ Kf6 57. Kg2 Qe6 58.
a4 Qd6 59. b5 axb5 60. axb5 Ke6 61. Qc4+ Ke7 62. h4 h5 63. Qe4 g6 64. Qb7+ Kd8 65. b6 Qe6 66. Qc7+ Ke8 67. b7 Qd5+ 68.
Kh2 1-0

[Event "*** Titled Tuesday Blitz"]
[Site "Chess.com"]
[Date "2021.02.16"]
[Round "1"]
[White "AungTZ"]
[Black "ukchessbomber"]
[Result "0-1"]
[WhiteElo "2027"]
[BlackElo "2484"]
[TimeControl "180+1"]
[EndTime "10:08:38 PST"]
[Termination "ukchessbomber won on time"]

1. e4 e5 2. Nf3 Nc6 3. d4 exd4 4. Nxd4 Nf6 5. Nc3 Bb4 6. Nxc6 bxc6 7. Bd3 d5 8. exd5 cxd5 9. O-O O-O 10. Bg5 c6 11. h3 Rb8 12. Qf3 Bd6 13. Rab1 h6 14. Bd2 c5 15.
Rfd1 c4 16. Bf5 Bb7 17. Bf4 Bxf4 18. Qxf4 Qb6 19. Qd4 Rfe8 20. Bg4 Qxd4 21. Rxd4 Bc6 22. Bf3 Re5 23. b3 g6 24. Rbd1 cxb3 25. axb3 Ne4 26. Nxd5 Bxd5 27. Rxd5 Rxd5 28. Rxd5 Nf6 29. Rd6 Kg7 30.
Ra6 Rc8 31. c4 Rb8 32. Ra3 a5 33. Kf1 Kf8 34. Ke2 Ke7 35. Kd2 Nd7 36. Kc3 Nc5 37. Bd1 Ne4+ 38. Kd4 Nxf2 39. Bc2 Rd8+ 40. Ke3 Nd1+ 41.
Bxd1 Rxd1 42. Rxa5 Rb1 43. Rb5 Rb2 44. Kf3 f5 45.
Rb6 Kf7 46. g4 h5 47. gxf5 gxf5 48. Kf4 Rf2+ 49. Kg5 f4 50. Kxh5 f3 51. Kg4 Rf1 52.
Kg3 f2 53. Kg2 Rh1 54. Kxf2 Rxh3 55. b4 Ke7 56. c5 Kd7 57. Rd6+ Kc7 58. Ke2 Rb3 59.
Rb6 Rc3 60. Kd2 Rb3 61. Kc2 Rf3 62. Rh6 Rg3 63. Kb2 Rf3 64. b5 Rf5 65. Rc6+ Kd7 66. Kb3 Rf4 67. Rh6 Kc7 68. b6+ Kb8 69. c6 Rf8 0-1